 Dungeon Crawl Stone Soup version 0.17-a0-737-gf0a300a (webtiles) character file.

38952 Leibowitz the Unseen (level 14, -4/86 HPs)
             Began as a Kobold Fighter on Apr 21, 2015.
             Was a High Priest of Okawaru.
             Slain by a frost giant
             ... wielding a +1 battleaxe of freezing
              (27 damage)
             ... in an ice cave on Apr 24, 2015.
             The game lasted 01:47:24 (25430 turns).

Leibowitz the Unseen (Kobold Fighter)              Turns: 25430, Time: 01:47:24

Health: -4/86      AC: 13    Str: 23    XL:     14   Next: 37%
Magic:  16/17      EV: 39    Int:  6    God:    Okawaru [*****.]
Gold:   1842       SH: 11    Dex: 25    Spells: 0 memorised, 13 levels left

rFire  + . .     SeeInvis .     a - +5 dagger (venom)
rCold  + + .     Clarity  +     O - +2 robe {rC+}
rNeg   . . .     SustAb   .     W - +0 buckler {AC+3}
rPois  +         Gourm    .     n - +2 helmet
rElec  +         Spirit   .     (no cloak)
rCorr  +         Warding  .     (no gloves)
rMut   .         Stasis   .     C - +0 pair of boots
MR     ++...                    p - amulet of clarity
Stlth  +++++++++.               R - +3 ring of strength
                                B - ring of protection from magic

@: mighty, agile, resistant, heroism, very resistant to hostile enchantments,
incredibly stealthy
A: carnivore 3
a: Heroism, Finesse, Renounce Religion


You were in an ice cave.
You worshipped Okawaru.
Okawaru was extremely pleased with you.
You were completely stuffed.

You visited 4 branches of the dungeon, and saw 19 of its levels.
You also visited: Ice Cave.

You collected 1869 gold pieces.
You spent 27 gold pieces at shops.

Inventory:

Hand weapons
 a - a +5 dagger of venom (weapon)
 b - a +0 blowgun
 d - a +0 rapier
 J - a +2 scimitar of flaming
Missiles
 u - 23 poisoned needles
 X - 4 needles of sleeping
Armour
 n - a +2 helmet (worn)
 A - a +2 chain mail of poison resistance
 C - a +0 pair of boots (worn)
 O - a +2 robe of cold resistance (worn)
 S - the +1 robe "Poitutz" {rF+ MP+9 Int+4}
   (You found it on level 11 of the Dungeon)

   It affects your intelligence (+4).
   It protects you from fire.
   It affects your magic capacity (+9).
 W - a +0 buckler of protection (worn)
Jewellery
 p - an amulet of clarity (around neck)
 s - an uncursed amulet of stasis
 z - an uncursed ring of teleport control
 B - a ring of protection from magic (left hand)
 I - an uncursed ring of see invisible
 R - a +3 ring of strength (right hand)
Magical devices
 i - a wand of draining (4)
 k - a wand of confusion (33)
 y - a wand of frost (15)
 K - a wand of magic darts (23)
 P - a wand of enslavement (16)
 Q - a wand of fireball (4)
 V - a wand of flame (35)
Scrolls
 e - 8 scrolls of identify
 f - 2 scrolls of enchant weapon
 h - a scroll of enchant armour
 j - 3 scrolls of remove curse
 o - 2 scrolls of amnesia
 q - 2 scrolls of fog
 r - a scroll of summoning
 F - a scroll of blinking
 G - a scroll of magic mapping
 M - a scroll of recharging
 N - 2 scrolls of teleportation
Potions
 m - 3 potions of agility
 t - 2 potions of brilliance
 x - 5 potions of resistance
 L - a potion of might
 T - a potion of magic
 U - a potion of restore abilities
 Y - 3 potions of flight
Comestibles
 c - 3 chunks of flesh
 v - 8 meat rations
 w - 3 slices of pizza
 D - 5 beef jerkies
 E - a royal jelly


   Skills:
 + Level 9.5(14.5) Fighting
 + Level 11.4(16.4) Short Blades
 + Level 0.4(9.6) Long Blades
 + Level 2.1(7.1) Throwing
 + Level 7.6(12.6) Armour
 + Level 11.7(16.7) Dodging
 * Level 15.3(20.3) Stealth
 + Level 10.1(15.1) Shields
 + Level 0.7 Invocations
 + Level 5.2 Evocations


You had 13 spell levels left.
You didn't know any spells.

Dungeon Overview and Level Annotations

Branches:
Dungeon (11/15)            Temple (1/1) D:4            Lair (3/8) D:10
  Swamp (0/5) Lair:3          Orc (4/4) D:11            Elf (0/3) Orc:4
  Snake: Lair:3-6    Spider: Lair:3-6

Altars:
Ashenzari
Cheibriados
Dithmenos
Elyvilon
Fedhas
Gozag
Kikubaaqudgha
Makhleb
Nemelex Xobeh
Okawaru
Qazlal
Ru
Sif Muna
Trog
Vehumet
Xom
Yredelemnul
Zin
The Shining One
Beogh

Shops:
D:2 *   Orc:1 %   Orc:3 !?


Innate Abilities, Weirdness & Mutations

You are small and have problems with some larger weapons.
You are carnivorous and can eat meat at any time.


Message History

The frost giant casts a spell at you. The bolt of cold misses you.
The frost giant casts a spell at you. The bolt of cold hits you! You resist.
* * * LOW HITPOINT WARNING * * *
Drink which item? (? for menu, Esc to quit)
You feel better.
Drink which item? (? for menu, Esc to quit)
You feel better.
Evoke which item? (* to show all) (? for menu, Esc to quit)
Zapping:
Q - a wand of fireball (5)
Press: ? - help, Shift-Dir - straight line, f/p - frost giant
Aim: a frost giant, wielding a battleaxe of freezing (heavily wounded, poisoned)
The fireball explodes!
The fireball engulfs the frost giant.
The frost giant is heavily wounded.
This wand has 4 charges left.
You puncture the frost giant!
The frost giant looks even sicker.
The frost giant is severely wounded.
The frost giant hits you with a battleaxe of freezing!!
You die...

....#### ≈≈≈##... .####
≈####.... ### #...... ..###
...... ....### ..... ##....###
###### .... ###....####
###....### #...
####....#######....#..C####...
####....#.@C..####....#...#
##..†...#### ####.†.###
######## #####


You could see a frost giant.

Vanquished Creatures
  An ettin (Orc:2)
  3 hydras
  Erica (D:10)
  A tengu warrior (D:9)
  Nergalle (Lair:2)
  An ice statue (IceCv)
  2 ugly things (D:11)
  An orc sorcerer (Orc:4)
  A cyclops (D:11)
  A centaur zombie (D:11)
  A gargoyle (D:8)
  5 spiny frogs
  7 komodo dragons
  The ghost of lightmor the Chiller, an experienced DEIE of Sif Muna (D:6)
  14 polar bears (IceCv)
  3 trolls
  5 blink frogs (Lair:2)
  3 ravens (D:9)
  A wraith (D:10)
  2 two-headed ogres
  A deep elf mage (D:11)
  41 yaks
  17 wolves
  2 basilisks
  4 hippogriffs
  A mottled dragon (D:11)
  2 wargs (Orc:3)
  7 water moccasins
  5 porcupines
  Duvessa (D:6)
  12 ice beasts
  2 phantoms
  2 black bears
  23 orc warriors
  8 ogres
  2 sky beasts
  A necrophage (D:7)
  4 centaurs
  2 big kobolds
  11 crocodiles
  8 giant frogs
  Dowan (D:6)
  2 gnoll sergeants
  5 killer bees (D:7)
  3 scorpions
  2 water moccasin skeletons
  7 crimson imps
  3 giant frog zombies (D:6)
  23 orc priests
  5 hounds
  3 centaur skeletons
  A giant frog skeleton (D:5)
  A gnoll shaman (D:10)
  5 worker ants
  33 orc wizards
  Terence (D:2)
  4 iguanas
  A sheep (D:10)
  A hound zombie (D:7)
  Robin (D:2)
  4 hound skeletons
  12 adders
  22 gnolls
  44 river rats
  3 oozes
  2 adder skeletons
  A worm (D:2)
  6 giant geckos
  172 orcs
  2 ball pythons (D:1)
  9 bats
  A bat skeleton (D:8)
  A bat zombie (D:7)
  5 giant cockroaches
  26 hobgoblins
  19 jackals
  17 kobolds
  6 quokkas
  8 giant newts
  23 goblins
  13 rats
709 creatures vanquished.

Vanquished Creatures (collateral kills)
  A wight (D:10)
  A giant frog zombie (D:10)
  2 gnolls (D:10)
  A giant spore (D:10)
5 creatures vanquished.

Vanquished Creatures (others)
  A hound skeleton (D:10)
  A fungus (Lair:3)
2 creatures vanquished.

Grand Total: 716 creatures vanquished

Notes
Turn   | Place    | Note
--------------------------------------------------------------
     0 | D:1      | Leibowitz, the Kobold Fighter, began the quest for the Orb.
     0 | D:1      | Reached XP level 1. HP: 14/14 MP: 1/1
    84 | D:1      | Reached XP level 2. HP: 17/19 MP: 2/2
   543 | D:1      | Reached XP level 3. HP: 24/24 MP: 3/3
   625 | D:2      | Reached skill level 1 in Stealth
   644 | D:2      | Reached skill level 1 in Dodging
   644 | D:2      | Reached XP level 4. HP: 22/29 MP: 4/4
   922 | D:2      | Noticed Robin
   974 | D:2      | Killed Robin
  1054 | D:2      | Found Zin's Purification Station.
  1055 | D:2      | Found a glowing silver altar of Zin.
  1189 | D:2      | Reached XP level 5. HP: 30/33 MP: 5/5
  1294 | D:2      | Noticed Terence
  1347 | D:2      | Killed Terence
  1347 | D:2      | Reached skill level 4 in Fighting
  1964 | D:2      | Found a sparkling altar of Nemelex Xobeh.
  1964 | D:2      | Found a radiant altar of Vehumet.
  2240 | D:3      | Reached XP level 6. HP: 38/38 MP: 6/6
  2715 | D:3      | You fall through a shaft!
  2969 | D:4      | Found a staircase to the Ecumenical Temple.
  3272 | Temple   | Entered the Ecumenical Temple
  3526 | D:4      | Reached XP level 7. HP: 44/44 MP: 7/7
  4159 | D:5      | Entered Level 5 of the Dungeon
  4261 | D:5      | Found a basalt altar of Yredelemnul.
  4827 | D:5      | Reached skill level 1 in Throwing
  4827 | D:5      | Reached XP level 8. HP: 41/48 MP: 8/8
  5046 | D:6      | Reached skill level 5 in Stealth
  5662 | D:6      | Reached skill level 5 in Short Blades
  5735 | D:6      | Reached skill level 5 in Dodging
  5936 | D:6      | Noticed lightmor's ghost (experienced DEIE)
  5937 | D:6      | Noticed Duvessa
  5937 | D:6      | Noticed Dowan
  6143 | D:6      | Killed Duvessa
  6143 | D:6      | Reached skill level 6 in Stealth
  6479 | D:6      | Killed Dowan
  6488 | D:6      | Killed lightmor's ghost
  6488 | D:6      | Reached skill level 5 in Fighting
  6488 | D:6      | Reached XP level 9. HP: 33/54 MP: 9/9
  6751 | D:6      | Reached skill level 7 in Stealth
  6751 | D:6      | Reached skill level 5 in Shields
  7009 | D:7      | Reached skill level 8 in Dodging
  7009 | D:7      | Reached skill level 11 in Stealth
  7009 | D:7      | Reached XP level 10. HP: 58/61 MP: 9/13
  7091 | D:7      | Reached skill level 5 in Armour
  7202 | D:7      | Found a bloodstained altar of Trog.
  7204 | D:7      | Found an iron altar of Okawaru.
  7214 | D:7      | Became a worshipper of Warmaster Okawaru
  7807 | D:8      | Noticed a gargoyle
  7859 | D:8      | Killed a gargoyle
  8094 | D:8      | Acquired Okawaru's first power
  8241 | D:8      | Found a stormy altar of Qazlal.
  8434 | D:8      | Found a glowing golden altar of the Shining One.
  8652 | D:9      | Noticed a tengu warrior
  8706 | D:9      | Killed a tengu warrior
  8706 | D:9      | Reached XP level 11. HP: 34/67 MP: 14/14
 10129 | D:10     | Entered Level 10 of the Dungeon
 10279 | D:10     | Found a staircase to the Lair.
 10379 | D:10     | Reached skill level 12 in Stealth
 10992 | D:10     | Noticed Erica
 11011 | D:10     | Killed Erica
 11429 | Lair:1   | Entered Level 1 of the Lair of Beasts
 11671 | Lair:1   | Reached XP level 12. HP: 55/73 MP: 15/15
 12143 | Lair:1   | Noticed a five-headed hydra
 12150 | Lair:1   | Killed a one-headed hydra
 12150 | Lair:1   | Acquired Okawaru's second power
 12150 | Lair:1   | Reached skill level 13 in Stealth
 12382 | Lair:1   | Received a gift from Okawaru
 12639 | Lair:1   | Reached skill level 10 in Dodging
 12798 | Lair:1   | Received a gift from Okawaru
 13037 | Lair:1   | Reached skill level 10 in Short Blades
 13786 | Lair:2   | Noticed Nergalle
 13795 | Lair:2   | Reached skill level 5 in Evocations
 13813 | Lair:2   | Killed Nergalle
 13914 | Lair:2   | Noticed a seven-headed hydra
 13931 | Lair:2   | Killed a one-headed hydra
 14138 | Lair:2   | Noticed a six-headed hydra
 14141 | Lair:2   | Reached XP level 13. HP: 77/79 MP: 16/16
 14150 | Lair:2   | Killed a one-headed hydra
 14215 | Lair:2   | Reached skill level 14 in Stealth
 14382 | Lair:2   | Found an opulent altar of Gozag.
 16917 | Lair:3   | Found a staircase to the Swamp.
 16951 | Lair:3   | HP: 1/80 [giant leech (23)]
 17472 | Lair:2   | Received a gift from Okawaru
 17917 | D:11     | Found a roughly hewn altar of Beogh.
 18281 | D:11     | Found a staircase to the Orcish Mines.
 18660 | D:11     | Got a twisted robe
 18671 | D:11     | Identified the cursed +1 robe "Poitutz" {rF+ MP+9 Int+4} (You found it on level 11 of the Dungeon)
 18727 | D:11     | Identified a scroll of acquirement
 19272 | Orc:1    | Entered Level 1 of the Orcish Mines
 20087 | Orc:1    | Found Cumuo's Food Shop.
 20933 | Orc:3    | Found Touficuck's Distillery.
 20935 | Orc:3    | Noticed an ettin
 21078 | Orc:2    | Killed an ettin
 21245 | Orc:3    | Bought a potion of mutation for 27 gold pieces
 21648 | Orc:3    | Found Ufriff's Magic Scroll Shop.
 23005 | Orc:4    | Entered Level 4 of the Orcish Mines
 23073 | Orc:4    | Found a staircase to the Elven Halls.
 23245 | Orc:4    | Found a frozen archway.
 23289 | Orc:4    | Reached XP level 14. HP: 69/86 MP: 15/17
 23427 | Orc:4    | Noticed an ettin
 23789 | IceCv    | Entered an ice cave
 23817 | IceCv    | Received a gift from Okawaru
 24135 | IceCv    | Reached skill level 10 in Shields
 24547 | IceCv    | Reached skill level 15 in Stealth
 24555 | IceCv    | Received a gift from Okawaru
 25245 | IceCv    | Noticed a frost giant
 25426 | IceCv    | HP: 1/86 [frost giant/bolt of cold (14)]
 25430 | IceCv    | Slain by a frost giant

Action                   |  1- 3 |  4- 6 |  7- 9 | 10-12 | 13-15 || total
-------------------------+-------+-------+-------+-------+-------++-------
Melee: Rapier            |    77 |   469 |   416 |       |       ||   962
       Dagger            |       |       |    45 |  1128 |  1956 ||  3129
       Scimitar          |       |       |       |    18 |     6 ||    24
 Fire: Blowgun           |       |     6 |     6 |     7 |     5 ||    24
Invok: Heroism           |       |       |       |     1 |     6 ||     7
Evoke: Wand              |       |     2 |       |    10 |    10 ||    22
  Use: Potion            |       |       |    10 |     4 |     9 ||    23
       Scroll            |       |       |     9 |     7 |     6 ||    22
 Stab: Confused          |       |     2 |       |     5 |       ||     7
       Sleeping          |       |     4 |     8 |    16 |    14 ||    42
       Distracted        |       |       |       |     5 |     1 ||     6
       Fleeing           |       |       |       |       |     2 ||     2
  Eat: Chunk             |     3 |    10 |    12 |    23 |    39 ||    87
       Meat ration       |     1 |       |       |       |       ||     1
